 Dungeon Crawl Stone Soup version 0.21.1-1-g345015f (webtiles) character file.

9 frapes28 the Vexing (level 2, 0/16 HPs)
             Began as a Kobold Arcane Marksman on July 19, 2018.
             Slain by a hobgoblin
             ... wielding a +0 club
              (6 damage)
             ... on level 1 of the Dungeon.
             The game lasted 00:05:50 (454 turns).

frapes28 the Vexing (Kobold Arcane Marksman)         Turns: 454, Time: 00:05:51

Health: 0/16       AC:  3    Str:  7    XL:     2   Next: 25%
Magic:  3/3        EV: 15    Int: 14    God:
Gold:   56         SH:  0    Dex: 15    Spells: 2/3 levels left

rFire    . . .     SeeInvis .   a - +0 hand crossbow
rCold    . . .     Gourm    .   (shield restricted)
rNeg     . . .     Faith    .   e - +0 robe
rPois    .         Spirit   .   (no helmet)
rElec    .         Reflect  .   (no cloak)
rCorr    .         Harm     .   (no gloves)
MR       .....                  k - +0 pair of boots
Stlth    ++........             (no amulet)
HPRegen  0.05/turn              (no ring)
MPRegen  0.08/turn              (no ring)

@: no status effects
A: small, carnivore
a: no special abilities


You were on level 1 of the Dungeon.
You were not hungry.

You visited 1 branch of the dungeon, and saw 2 of its levels.

You collected 56 gold pieces.

Inventory:

Hand Weapons
 a - a +0 hand crossbow (weapon)
 b - a +0 dagger
 g - a +0 club
Missiles
 d - 18 bolts (quivered)
 h - 42 stones
Armour
 e - a +0 robe (worn)
 k - a +0 pair of boots (worn)
Jewellery
 l - an uncursed ring of stealth {unknown}
 m - an uncursed ring of resist corrosion {unknown}
Scrolls
 j - 2 scrolls of magic mapping {unknown}
 n - a scroll of identify {unknown}
Potions
 i - a potion of flight {unknown}
Books
 c - a book of Debilitation

   Spells                             Type                      Level
   a - Corona                         Hexes                        1
   b - Slow                           Hexes                        2
   c - Inner Flame                    Hexes/Fire                   3
   d - Portal Projectile              Hexes/Translocation          3
   e - Cause Fear                     Hexes                        4
   f - Leda's Liquefaction            Hexes/Earth                  4
Comestibles
 f - a ration


   Skills:
 * Level 1.1 Fighting
 * Level 0.7 Short Blades
 + Level 2.5 Crossbows
 + Level 2.4 Dodging
 * Level 0.4 Stealth
 + Level 1.1 Spellcasting
 * Level 3.3 Hexes


You had 2 spell levels left.
You knew the following spells:

 Your Spells              Type           Power        Failure   Level  Hunger
a - Corona                Hex            ##.....      6%          1    ##.....


Dungeon Overview and Level Annotations

Branches:
Dungeon (2/15)

Altars:


Innate Abilities, Weirdness & Mutations

You are small and have problems with some larger weapons.
You are carnivorous and can eat meat at any time.


Message History

The stone hits the hobgoblin but does no damage.
The hobgoblin is moderately wounded.
The hobgoblin closely misses you. The hobgoblin hits you with a club.
Throwing (i - inventory):
h - 44 stones (quivered)
Press: ? - help, Shift-Dir - straight line, f/p - hobgoblin
Aim: a hobgoblin, wielding a club (moderately wounded)
You throw a stone. The stone closely misses the hobgoblin.
The hobgoblin barely misses you.
Throwing (i - inventory):
h - 43 stones (quivered)
Press: ? - help, Shift-Dir - straight line, f/p - hobgoblin
Aim: a hobgoblin, wielding a club (moderately wounded)
You throw a stone. The stone barely misses the hobgoblin.
The hobgoblin completely misses you.
Wield which item (- for none, * to show all)? (? for menu, Esc to quit)
a - a +0 hand crossbow (weapon)
The hobgoblin closely misses you. The hobgoblin barely misses you.
The hobgoblin hits you with a club.
You die...

#. ### #> ..#
#.#########.#
#.........#.#####
#.........#.#...#######
#......g...............
##....@...##....#######
#### #........##....#
#.(. #........###...#
####...#####........#
#...#
....!......(...######
#...# ####...#######.#
####..##### #### #(#
#.........# #.#
#.........# #(#
#.........#


You could see a hobgoblin.

Vanquished Creatures
  2 goblins (D:1)
  A hobgoblin (D:1)
  2 kobolds (D:1)
  4 rats (D:1)
9 creatures vanquished.

Notes
Turn   | Place    | Note
-------+----------+-------------------------------------------
     0 | D:1      | frapes28 the Kobold Arcane Marksman began the quest for the Orb.
     0 | D:1      | Reached XP level 1. HP: 12/12 MP: 2/2
   169 | D:1      | Reached XP level 2. HP: 16/16 MP: 1/3
   454 | D:1      | Slain by a hobgoblin

Action                   || total
-------------------------++-------
Melee: Dagger            ||     5
 Fire: Hand crossbow     ||    18
Throw: Stone             ||     3
 Cast: Corona            ||     4
  Eat: Chunk             ||     2
Dodge: Dodged            ||    15
